 Dungeon Crawl Stone Soup version 0.29.0-4-gdea44cf6ec (webtiles) character file.

Game seed: 4574260125334913080

118 qw the Chopper (level 5, -3/30 HPs)
             Began as a Tengu Warper on Aug 28, 2022.
             Slain by a worm (9 damage)
             ... on level 3 of the Dungeon.
             The game lasted 00:00:11 (2320 turns).

qw the Chopper (Tengu Warper)                       Turns: 2320, Time: 00:00:12

Health: -3/30      AC:  5    Str: 17    XL:     5   Next: 2%
Magic:  9/9        EV: 13    Int: 13    God:
Gold:   122        SH:  0    Dex: 18    Spells: 8/8 levels left

rFire   . . .      SeeInvis .   Y - +1 war axe
rCold   . . .      Faith    .   (no shield)
rNeg    . . .      Spirit   .   e - +0 ring mail
rPois   .          Reflect  .   (helmet restricted)
rElec   .          Harm     .   (no cloak)
rCorr   .          Rampage  .   (no gloves)
Will    .....      Clarity  +   (boots unavailable)
Stlth   +.........              (no amulet)
HPRegen 0.10/turn               h - +6 ring of dexterity
MPRegen 0.11/turn               (no ring)

@: flying quickly and evasively, quick
A: beak, talons 3, nimble flight, horns 2, clarity, strong 1
a: no special abilities


You were on level 3 of the Dungeon.
You visited 1 branch of the dungeon, and saw 3 of its levels.

You collected 122 gold pieces.


Innate Abilities, Weirdness & Mutations

You have a beak for a mouth.
You have claws for feet.
Your magical nature lets you fly swiftly and evasively.
You have a pair of horns on your head.
You possess an exceptional clarity of mind.
Your muscles are strong. (Str +4, Int/Dex -1)


   Skills:
 - Level 2.0 Fighting
 + Level 5.5 Axes
 - Level 1.0 Throwing
 - Level 1.1 Armour
 - Level 2.1 Dodging
 - Level 2.0 Spellcasting
 - Level 2.4 Translocations


You had 8 spell levels left.
You didn't know any spells.
Your spell library contained the following spells:

 Spells                   Type           Power      Damage    Failure   Level
 Blink                    Tloc           14%        N/A       26%         2
 Gell's Gravitas          Tloc           7%         N/A       47%         3
 Lesser Beckoning         Tloc           7%         N/A       47%         3
 Teleport Other           Tloc           7%         N/A       47%         3
 Manifold Assault         Tloc           7%         N/A       99%         5

Inventory:

Hand Weapons
 a - a +0 mace
 Y - a +1 war axe (weapon)
Armour
 e - a +0 ring mail (worn)
Jewellery
 h - a +6 ring of dexterity (left hand)
Scrolls
 g - a scroll of vulnerability {unknown}
 k - a scroll of identify
Potions
 b - a potion of invisibility {unknown}
 d - 2 potions of flight {unknown}
 f - a potion of brilliance {unknown}
 i - a potion of might {unknown}
 l - 2 potions of mutation
 m - a potion of cancellation {unknown}

Dungeon Overview and Level Annotations

Branches:
Dungeon (3/15)

Altars:

Annotations:
D:3 Grinder


Message History

An orc comes into view. It is wielding a +0 flail.
You closely miss Natasha.
The orc shouts!
You peck Natasha.
Natasha is severely wounded.
Natasha closely misses you. Natasha claws you.
You hit Natasha.
You kill Natasha!
Natasha screams in pain as she dies!
A jackal comes into view.
A worm comes into view.
2311 ||| Stepping ~*~*~tactically~*~*~ (stealth).
The jackal barks!
You hear a bark!
2312 ||| Stepping ~*~*~tactically~*~*~ (stealth).
An orc comes into view. It is wielding a +0 whip.
The orc shouts!
You slash the orc!
You kill the orc!
The orc throws a boomerang.
The boomerang hits you but does no damage.
The jackal bites you.
You slash the jackal!
You kill the jackal!
You have reached level 5!
Your magical nature develops, letting you fly swiftly and evasively.
The orc throws a boomerang.
The boomerang hits you but does no damage.
Grinder shouts!
You slash the orc!
You kill the orc!
You feel yourself speed up.
You barely miss the jackal. You peck the jackal, but do no damage.
The jackal bites you. x2
You hit the jackal. Your kick misses the jackal. Your peck misses the jackal.
The jackal is moderately wounded.
The jackal closely misses you.
You slash the jackal!
You kill the jackal!
You hit the worm. The worm bites you!
You die...

##### # ....# #.
....# # #.
#...####
hw#.#.###......#
...h..(.....#
#.###.......#
#.....#)....#
##..##)@#...#
#.#..w##...#
#5## #...# ...
###.# .... #.#
... #.# ... #.##
# #..## .# ##..#
.#


You could see Grinder and a worm.

Vanquished Creatures
  Jessica (D:3)
  Natasha (D:3)
  2 adders
  3 dart slugs
  2 orcs (D:3)
  9 endoplasms
  A giant cockroach (D:1)
  3 hobgoblins
  2 jackals (D:3)
  2 kobolds
  2 quokkas
  6 ball pythons
  4 bats
  A frilled lizard (D:2)
  4 rats
43 creatures vanquished.

Notes
Turn   | Place    | Note
-------+----------+-------------------------------------------
     0 | D:1      | qw the Tengu Warper began the quest for the Orb.
     0 | D:1      | Reached XP level 1. HP: 12/12 MP: 4/4
     0 | D:1      | 0 ||| qw: Version: 0.1-a-89-g26bdef1
     0 | D:1      | 0 ||| qw: Game counter: 1535
     0 | D:1      | 0 ||| qw: Always use a shield: true
     0 | D:1      | 0 ||| qw: God list: Okawaru
     0 | D:1      | 0 ||| qw: Allow faded altars: false
     0 | D:1      | 0 ||| qw: Do Orc after D:15 true
     0 | D:1      | 0 ||| qw: Do second Lair branch before Depths: true
     0 | D:1      | 0 ||| qw: Lair rune preference: random
     0 | D:1      | 0 ||| qw: Plans: Normal
     0 | D:1      | 0 ||| PLANNING D:1-11
    79 | D:1      | 79 ||| Stepping ~*~*~tactically~*~*~ (stealth).
   104 | D:1      | 104 ||| Stepping ~*~*~tactically~*~*~ (stealth).
   216 | D:1      | Reached XP level 2. HP: 17/17 MP: 6/6
   243 | D:1      | 243 ||| SWAPPING to +0 war axe.
   244 | D:1      | 244 ||| DROPPING +0 hand axe.
   268 | D:1      | Reached skill level 3 in Axes
   671 | D:1      | 671 ||| UPGRADING to +0 ring mail.
   681 | D:1      | 681 ||| DROPPING +0 leather armour.
   682 | D:1      | 682 ||| UPGRADING to +6 ring of dexterity.
   683 | D:1      | 683 ||| READING scroll labelled AKIUFA CENET.
   684 | D:1      | 684 ||| READING scroll labelled MICHEEQITU.
   685 | D:1      | 685 ||| DROPPING scroll of blinking.
   769 | D:2      | Reached XP level 3. HP: 21/21 MP: 7/7
   813 | D:2      | 813 ||| Stepping ~*~*~tactically~*~*~ (stealth).
   979 | D:2      | Reached skill level 4 in Axes
   980 | D:2      | 980 ||| Stepping ~*~*~tactically~*~*~ (stealth).
   982 | D:2      | 982 ||| Stepping ~*~*~tactically~*~*~ (stealth).
  1013 | D:2      | 1013 ||| Stepping ~*~*~tactically~*~*~ (hiding).
  1118 | D:2      | 1118 ||| Stepping ~*~*~tactically~*~*~ (hiding).
  1220 | D:2      | 1220 ||| Stepping ~*~*~tactically~*~*~ (hiding).
  1322 | D:2      | 1322 ||| Stepping ~*~*~tactically~*~*~ (hiding).
  1622 | D:2      | 1622 ||| DROPPING orb of energy.
  1623 | D:2      | 1623 ||| READING scroll labelled HEPNEJ VOI.
  1624 | D:2      | 1624 ||| READING scroll labelled NIFAOH ZACU.
  1627 | D:2      | 1627 ||| READING scroll labelled FUPPIE KOUDUF.
  1728 | D:2      | 1728 ||| READING 2 scrolls labelled LADIMPOCETZ.
  1729 | D:2      | 1729 ||| READING scroll labelled CEVY DO WIERGH.
  1730 | D:2      | 1730 ||| READING 2 scrolls labelled DOADYM TUUWK.
  1731 | D:2      | 1731 ||| DRINKING 2 ruby potions.
  1835 | D:2      | 1835 ||| DRINKING 3 metallic emerald potions.
  1835 | D:2      | Gained mutation: You have a pair of small horns on your
                  | head. [potion of mutation]
  1835 | D:2      | Gained mutation: You possess an exceptional clarity of
                  | mind. [potion of mutation]
  1835 | D:2      | Gained mutation: You have a pair of horns on your head.
                  | [potion of mutation]
  1835 | D:2      | Gained mutation: Your muscles are strong. (Str +4, Int/Dex
                  | -1) [potion of mutation]
  1836 | D:2      | 1836 ||| DROPPING potion of berserk rage.
  1837 | D:2      | 1837 ||| DROPPING scroll of immolation.
  1920 | D:3      | Reached XP level 4. HP: 26/26 MP: 8/8
  1968 | D:3      | Noticed Grinder
  1969 | D:3      | 1969 ||| Stepping ~*~*~tactically~*~*~ (hiding).
  1975 | D:3      | 1975 ||| Stepping ~*~*~tactically~*~*~ (hiding).
  1980 | D:3      | Paralysed by Grinder for 2 turns
  1983 | D:3      | HP: 1/26 [Grinder/nerve-wracking pain (10)]
  1984 | D:3      | 1984 ||| READING scroll of teleportation.
  1986 | D:3      | 1986 ||| FLEEEEING.
  1987 | D:3      | 1987 ||| FLEEEEING.
  1988 | D:3      | Noticed Jessica
  1991 | D:3      | Killed Jessica
  1992 | D:3      | Reached skill level 5 in Axes
  2304 | D:3      | Noticed Natasha
  2306 | D:3      | 2306 ||| Stepping ~*~*~tactically~*~*~ (hiding).
  2310 | D:3      | Killed Natasha
  2311 | D:3      | 2311 ||| Stepping ~*~*~tactically~*~*~ (stealth).
  2312 | D:3      | 2312 ||| Stepping ~*~*~tactically~*~*~ (stealth).
  2315 | D:3      | Gained mutation: Your magical nature lets you fly swiftly
                  | and evasively. [Tengu growth]
  2315 | D:3      | Reached XP level 5. HP: 10/30 MP: 9/9
  2318 | D:3      | HP: 6/30 [jackal (2)]
  2320 | D:3      | Slain by a worm

Levels and vault maps discovered:
D:1:      lightli_arrival_statue_moat, layout_basic
D:2:      layout_basic, minmay_pentomino_x4
D:3:      layout_rooms, uniq_grinder, uniq_jessica, uniq_natasha

Skill      XL: |  1  2  3  4 |
---------------+-------------+-----
Axes           | 3 4 5 |  5.5
Fighting       | |  2.0
Throwing       | |  1.0
Armour         | |  1.1
Dodging        | |  2.1
Spellcasting   | |  2.0
Translocations | |  2.4

Action                   |  1- 3 |  4- 6 || total
-------------------------+-------+-------++-------
Melee: Hand axe          |    10 |       ||    10
       Kick              |    16 |     4 ||    20
       Peck              |     7 |     4 ||    11
       War axe           |    51 |    20 ||    71
       Headbutt          |       |     2 ||     2
Throw: Boomerang         |     7 |       ||     7
  Use: Scroll            |     8 |     1 ||     9
       Potion            |     2 |       ||     2
Armor: Leather armour    |     7 |       ||     7
       Ring mail         |     5 |     7 ||    12
Dodge: Dodged            |    30 |     7 ||    37

Table legend:
 A = Non-vault XP
 B = Vault XP
 C = Vault XP percentage of total XP
 D = Non-vault monster count
 E = Vault monster count
 F = Vault count percentage of total count
                 A         B        C        D         E       F
            +---------+---------+-------+---------+---------+-------
      Total |      94 |      77 |  45.0 |      38 |       5 |  11.6
            +---------+---------+-------+---------+---------+-------
        D:1 |      31 |       0 |   0.0 |      17 |       0 |   0.0
        D:2 |      33 |       5 |  13.2 |      12 |       3 |  20.0
        D:3 |      30 |      72 |  70.6 |       9 |       2 |  18.2
            +---------+---------+-------+---------+---------+-------
